 Dungeon Crawl Stone Soup version 0.20-a0-421-gf6b327c (webtiles) character file.

10 witty the Gusty (level 2, 0/15 HPs)
             Began as a Tengu Air Elementalist on Dec 31, 2016.
             Slain by a bat (1 damage)
             ... on level 1 of the Dungeon.
             The game lasted 00:01:23 (192 turns).

witty the Gusty (Tengu Air Elementalist)             Turns: 192, Time: 00:01:23

Health: 0/15       AC:  2    Str:  8    XL:     2   Next: 20%
Magic:  2/6        EV: 12    Int: 15    God:
Gold:   8          SH:  0    Dex: 14    Spells: 4/5 levels left

rFire  . . .     SeeInvis .     (no weapon)
rCold  . . .     Gourm    .     a - +0 robe
rNeg   . . .     Faith    .     (no shield)
rPois  .         Spirit   .     (helmet restricted)
rElec  .         Reflect  .     (no cloak)
rCorr  .         Harm     .     (no gloves)
MR     .....                    (boots unavailable)
Stlth  ++........               (no amulet)
                                (no ring)
                                (no ring)

@: no status effects
A: beak, talons 3
a: no special abilities


You were on level 1 of the Dungeon.
You were not hungry.

You visited 1 branch of the dungeon, and saw 1 of its levels.

You collected 8 gold pieces.

Inventory:

Armour
 a - a +0 robe (worn)
Scrolls
 f - a scroll of amnesia {unknown}
 i - a scroll of blinking {unknown}
Potions
 d - a potion of ambrosia {unknown}
 e - a potion of berserk rage {unknown}
 g - a potion of curing {unknown}
 h - a potion of agility {unknown}
Books
 b - a book of Air
Comestibles
 c - a bread ration {@e1}


   Skills:
 - Level 2.1 Dodging
 - Level 2.0 Stealth
 + Level 2.3 Spellcasting
 + Level 2.2 Conjurations
 - Level 4.0 Air Magic


You had 4 spell levels left.
You knew the following spells:

 Your Spells              Type           Power        Failure   Level  Hunger
a - Shock                 Conj/Air       ##..         8%          1    #......


Dungeon Overview and Level Annotations

Branches:
Dungeon (1/15)

Altars:


Innate Abilities, Weirdness & Mutations

You have a beak for a mouth.
You have claws for feet.


Message History

You hit the goblin but do no damage. You claw the goblin.
You kill the goblin!
The bat closely misses you. The bat hits you but does no damage.
The bat closely misses you.
You see here a club.
Aim: a bat The zap misses the bat.
The bat closely misses you.
You now have 0/6 mp.
You don't have enough magic to cast that spell.
Unknown command.
You don't have enough magic to cast that spell.
The bat completely misses you.
Things that are here:
a whip; a kobold corpse The bat hits you.
You take 1 damage, and have 9/15 hp.
You are too injured to fight recklessly!
You are too injured to fight recklessly!
You are too injured to fight recklessly!
You are too injured to fight recklessly!
You are too injured to fight recklessly!
You are too injured to fight recklessly!
Unknown command.
You are too injured to fight recklessly!
Unknown command.
You are too injured to fight recklessly!
Unknown command.
You barely miss the bat. You claw the bat. The bat closely misses you.
The bat barely misses you. The bat hits you but does no damage. x2
You closely miss the bat. Your peck misses the bat. The bat closely misses you.
A frilled lizard comes into view.
The frilled lizard hisses angrily.
The bat misses you.
You don't have enough magic to cast that spell.
The bat hits you but does no damage.
You barely miss the bat. The bat barely misses you.
You closely miss the bat. You claw the bat. The bat misses you.
You closely miss the bat. You claw the bat, but do no damage.
The bat misses you. The bat closely misses you.
You hit the bat. Your kick misses the bat. The bat barely misses you.
You barely miss the bat. The bat barely misses you.
The frilled lizard bites you.
You take 1 damage, and have 9/15 hp.
You miss the bat. Your peck misses the bat. The bat barely misses you.
The bat hits you.
The frilled lizard completely misses you.
The bat closely misses you.
You take 1 damage, and have 8/15 hp.
The bat closely misses you. The bat hits you but does no damage.
The frilled lizard closely misses you. The bat hits you but does no damage.
The bat hits you but does no damage. The bat closely misses you.
The bat closely misses you. The bat barely misses you.
A bat comes into view.
Aim: a bat (moderately wounded)
The zap misses the frilled lizard.
The zap misses the bat.
The frilled lizard closely misses you.
You now have 1/6 mp.
Aim: a bat (moderately wounded)
The zap hits the frilled lizard.
You kill the frilled lizard!
The zap misses the bat.
The bat barely misses you. The bat hits you but does no damage.
You now have 0/6 mp.
You closely miss the bat. Your kick misses the bat.
The bat hits you but does no damage. The bat hits you. x2
You take 2 damage, and have 6/15 hp.
The bat completely misses you. The bat misses you. The bat barely misses you.
The bat closely misses you. The bat closely misses you.
The bat hits you but does no damage. x2
The bat barely misses you. The bat hits you. The bat barely misses you.
You take 1 damage, and have 6/15 hp.
The bat closely misses you. The bat hits you. The bat closely misses you.
You take 1 damage, and have 5/15 hp.
Aim: a bat
Okay, then.
The bat closely misses you. x2
You barely miss the bat. Your kick misses the bat. The bat barely misses you.
The bat hits you but does no damage. The bat misses you.
The bat hits you but does no damage. The bat barely misses you.
You hit the bat. The bat hits you.
* * * LOW HITPOINT WARNING * * *
The bat hits you but does no damage.
You take 1 damage, and have 4/15 hp.
The bat hits you.
* * * LOW HITPOINT WARNING * * *
The bat hits you.
* * * LOW HITPOINT WARNING * * *
You take 2 damage, and have 2/15 hp.
You barely miss the bat. You claw the bat. The bat barely misses you.
The bat hits you.
* * * LOW HITPOINT WARNING * * *
You take 1 damage, and have 1/15 hp.
The bat hits you but does no damage. The bat closely misses you.
The bat closely misses you. The bat misses you. The bat hits you.
You die...

#### ############
####...#########...........
...........†..)...#########
#########..#......#
##8.8#b@#......#
#.....b........#
#..............#
##..............#
#8..............# #####
#<.......#......###...###
#8.......................
##.....).#.########...###
#.....).#.# #^...###


You could see 2 bats.

Vanquished Creatures
  2 bats (D:1)
  2 giant cockroaches (D:1)
  2 goblins (D:1)
  A frilled lizard (D:1)
  2 kobolds (D:1)
9 creatures vanquished.

Notes
Turn   | Place    | Note
-------+----------+-------------------------------------------
     0 | D:1      | witty the Tengu Air Elementalist began the quest for the Orb.
     0 | D:1      | Reached XP level 1. HP: 10/10 MP: 4/4
   104 | D:1      | Reached skill level 2 in Conjurations
   120 | D:1      | Reached XP level 2. HP: 12/15 MP: 0/6
   188 | D:1      | HP: 3/15 [bat (1)]
   189 | D:1      | HP: 1/15 [bat (1)]
   192 | D:1      | Slain by a bat

Vault maps used:
D:1:      mrwooster_arrival_statue_2

Skill      XL: |  1 |
---------------+----+-----
Conjurations   | 2 |  2.2
Dodging        | |  2.1
Stealth        | |  2.0
Spellcasting   | |  2.3
Air Magic      | |  4.0

Action                   || total
-------------------------++-------
Melee: Unarmed           ||    34
       Kick              ||    12
       Peck              ||     4
 Cast: Shock             ||    15
Armor: Robe              ||    31
Dodge: Dodged            ||    63

Vault maps used:
D:1:      mrwooster_arrival_statue_2

Table legend:
 A = Turns spent in this place as a percentage of turns spent in the entire game.
 B = Non-inter-level travel turns spent in this place as a percentage of non-inter-level travel turns spent in the entire game.
 C = Inter-level travel turns spent in this place as a percentage of turns spent in this place.
 D = Turns resting spent in this place as a percentage of non-inter-level travel turns spent in this place.
 E = Turns spent auto-exploring this place as a percentage of non-inter-level travel turns spent in this place.
 F = Non-inter-level travel turns spent in this place divided by the number of levels of this place that you've seen.
                   A       B       C       D       E      F
               +-------+-------+-------+-------+-------+----------------------
         Total | 100.0 | 100.0 |   0.0 |   0.0 |   8.0 | 176.0
       Dungeon | 100.0 | 100.0 |   0.0 |   0.0 |   8.0 | 176.0
               +-------+-------+-------+-------+-------+----------------------

Table legend:
 A = Kills in this place as a percentage of kills in entire the game.
 B = Kills by you in this place as a percentage of kills by you in the entire game.
 C = Kills by friends in this place as a percentage of kills by friends in the entire game.
 D = Other kills in this place as a percentage of other kills in the entire game.
 E = Experience gained in this place as a percentage of experience gained in the entire game.
 F = Experience gained in this place divided by the number of levels of this place that you have seen.
                   A       B       C       D       E      F
               +-------+-------+-------+-------+-------+----------------------
         Total | 100.0 | 100.0 |  -nan |  -nan | 100.0 |  15.0
       Dungeon | 100.0 | 100.0 |  -nan |  -nan | 100.0 |  15.0
               +-------+-------+-------+-------+-------+----------------------
